 Dungeon Crawl Stone Soup version 0.20-a0-945-g3bf614a (webtiles) character file.

3607 Chikkuri the Thaumaturge (level 10, 0/51 HPs)
             Began as a Vine Stalker Fighter on Apr 2, 2017.
             Was a Priest of Wu Jian.
             Succumbed to Grum's poison
             ... on level 8 of the Dungeon.
             The game lasted 00:18:54 (4566 turns).

Chikkuri the Thaumaturge (Vine Stalker Fighter)     Turns: 4566, Time: 00:18:55

Health: 0/51       AC:  9    Str: 34    XL:     10   Next: 11%
Magic:  4/25       EV:  7    Int: 10    God:    Wu Jian [***...]
Gold:   398        SH: 20    Dex: 14    Spells: 29/29 levels left

rFire    . . .     SeeInvis .   a - +0 long sword
rCold    x . .     Gourm    .   I - +0 large shield
rNeg     + . .     Faith    .   y - +1 ring mail of the Monkey's Uncle {rC- rN+ Str+6}
rPois    .         Spirit   +   (no helmet)
rElec    .         Reflect  +   (no cloak)
rCorr    +         Harm     .   H - +1 pair of gloves {Str+3}
MR       +....                  (no boots)
Stlth    +.........             r - +4 amulet of reflection
Regen    0.6/turn               o - ring of wizardry
MPRegen  0.2/turn               A - ring of resist corrosion

@: mighty, lethally poisoned (0 -> -4)
A: fangs 3, regeneration 1, magic shield, antimagic bite, no potion heal 3, rot
immunity
a: Renounce Religion


You were on level 8 of the Dungeon.
You worshipped Wu Jian.
Wu Jian was most pleased with you.
You were hungry.

You visited 1 branch of the dungeon, and saw 8 of its levels.

You collected 398 gold pieces.

Inventory:

Hand Weapons
 a - a +0 long sword (weapon)
 u - a +0 blowgun
 x - a +0 rapier
 E - a +0 great sword
Missiles
 t - 54 poisoned needles
Armour
 b - a +0 scale mail
 c - a +0 shield
 y - the +1 ring mail of the Monkey's Uncle (worn) {rC- rN+ Str+6}
   (You found it on level 4 of the Dungeon)

   It affects your strength (+6).
   It makes you vulnerable to cold.
   It protects you from negative energy.
 H - a +1 pair of gloves of strength (worn)
 I - a +0 large shield (worn)
Jewellery
 o - a ring of wizardry (left hand)
 r - a +4 amulet of reflection (around neck)
 A - a ring of resist corrosion (right hand)
Wands
 q - a wand of random effects (25/48)
 K - a wand of confusion (26/48)
 L - a wand of scattershot (5/9)
Scrolls
 k - 3 scrolls of teleportation {unknown}
 l - a scroll of enchant armour {unknown}
 m - 9 scrolls of identify {unknown}
 s - a scroll of magic mapping
 v - a scroll of random uselessness {unknown}
 w - a scroll of recharging {unknown}
 z - a scroll of immolation {unknown}
 B - a scroll of blinking {unknown}
 F - a scroll of torment {unknown}
 G - a scroll of enchant weapon {unknown}
 J - a scroll of summoning {unknown}
Potions
 d - a potion of might
 e - a potion of haste {unknown}
 g - a potion of heal wounds
 h - a potion of ambrosia {unknown}
 p - 2 potions of curing {unknown}
 C - a potion of flight {unknown}
 D - a potion of brilliance {unknown}
Comestibles
 f - 8 bread rations
 i - 3 fruits
 j - 2 meat rations
 n - 6 royal jellies


   Skills:
 - Level 5.0 Fighting
 - Level 1.7 Long Blades
 + Level 6.7 Armour
 - Level 1.7 Dodging
 - Level 2.6 Shields
 + Level 10.4 Spellcasting
 - Level 2.1 Evocations


You had 29 spell levels left.
You didn't know any spells.

Dungeon Overview and Level Annotations

Branches:
Dungeon (8/15)             Temple (0/1) D:5
   Lair: D:8-11

Altars:
Elyvilon
Makhleb
Okawaru
Qazlal
Wu Jian

Annotations:
D:4 SkeletonJelly's ghost, amateur MiFi


Innate Abilities, Weirdness & Mutations

You have razor-sharp teeth.
Your natural rate of healing is unusually fast.
When hurt, damage is shared between your health and your magic reserves.
Your bite disrupts and absorbs the magic of your enemies.
Potions cannot restore your health.
You are immune to rotting.


Message History

You feel sick.
You block the wolf's attack. x2; You block Grum's attack.
The wolf bites you.
* * * LOW HITPOINT WARNING * * *
The wolf bites you.
* * * LOW HITPOINT WARNING * * *
You block the wolf's attack. The wolf bites you but does no damage.
Grum hits you with a glaive of venom.
You are lethally poisoned!
You slice Grum!!
You kill Grum!
The Council accepts your kill.
* * * LOW HITPOINT WARNING * * *
You feel sick. The wolf barely misses you. You block the wolf's attack. x2
The wolf bites you.
* * * LOW HITPOINT WARNING * * *
Okay, then.
Okay, then.
As you read the scroll labeled TOEMUMONT, it crumbles to dust.
You feel aware of your surroundings.
It was a scroll of magic mapping.
You die...

*,,,,,,,,#####...# #...........#
**,,,**,*,* #...# ###.##.##.###
**,,,,,,,,* #...# #.##....#
,,,,,,,,,.#####...#####.#####.##
,,,,*,,,,................# #...##
*,,,,,,,,,...............# #.....
,,*,,,,,,,.(.............###..o##
***,,,,,,*#####.h.#######........
* **,***** *#.@h#* #.)...... *
*,* *#..†))#* #...o.... *,*
**#.......#* ###.(..## *,*
*#..........# #..(.## *,*
#....<......# #....## ****,*
##...$......# #....(. ,,,,,*
#.#?......## ######. ******
***#.#.......# ## *,,,,,,,,,,*,*
*** #


You could see 2 wolves.

Vanquished Creatures
  Joseph (D:8)
  A wyvern (D:8)
  A spriggan (D:7)
  Eustachio (D:4)
  Grum (D:8)
  2 phantoms
  A black bear (D:7)
  3 ogres
  2 centaurs
  2 wolves (D:8)
  2 crocodiles (D:8)
  A big kobold (D:6)
  5 bullfrogs
  4 scorpions
  4 wights (D:7)
  3 crimson imps
  4 howler monkeys
  A hound (D:6)
  An orc priest (D:4)
  2 iguanas (D:5)
  Natasha (thrice) (D:3)
  2 orc wizards (D:8)
  4 worker ants
  A worker ant zombie (D:8)
  7 gnolls (D:3)
  6 adders
  2 shadow imps
  An ooze (D:1)
  3 worms
  A dart slug (D:5)
  3 leopard geckos
  13 orcs
  3 bats
  5 giant cockroaches
  5 hobgoblins
  23 jackals
  27 kobolds
  A quokka (D:6)
  A ball python (D:4)
  3 frilled lizards
  5 goblins
  2 leopard gecko skeletons (D:5)
  2 rats
165 creatures vanquished.

Vanquished Creatures (others)
  A centaur (D:8)
  An orc wizard (D:8)
  2 plants (D:6)
4 creatures vanquished.

Grand Total: 169 creatures vanquished

Notes
Turn   | Place    | Note
-------+----------+-------------------------------------------
     0 | D:1      | Chikkuri the Vine Stalker Fighter began the quest for the Orb.
     0 | D:1      | Reached XP level 1. HP: 11/11 MP: 2/2
    91 | D:1      | Reached XP level 2. HP: 13/16 MP: 3/3
   283 | D:1      | Reached XP level 3. HP: 19/20 MP: 2/4
   814 | D:2      | Gained mutation: Your natural rate of healing is unusually fast. [Vine Stalker growth]
   814 | D:2      | Reached XP level 4. HP: 18/25 MP: 3/5
   897 | D:2      | Found an ornate altar of the Wu Jian Council.
   924 | D:2      | Became a worshipper of the Wu Jian Council
  1093 | D:3      | Noticed Natasha
  1099 | D:3      | Killed Natasha
  1099 | D:3      | Reached skill level 1 in Dodging
  1115 | D:3      | Reached XP level 5. HP: 19/30 MP: 3/6
  1354 | D:3      | Found a stormy altar of Qazlal.
  1356 | D:3      | Noticed a water elemental
  1357 | D:3      | Noticed an air elemental
  1357 | D:3      | Noticed a fire elemental
  1367 | D:3      | Noticed Natasha
  1370 | D:3      | Killed Natasha
  1370 | D:3      | Reached skill level 5 in Fighting
  1398 | D:3      | Reached * piety under Wu Jian
  1399 | D:3      | Noticed Natasha
  1415 | D:3      | Killed Natasha
  1415 | D:3      | Reached skill level 1 in Spellcasting
  1494 | D:3      | Reached skill level 2 in Spellcasting
  1494 | D:3      | Reached XP level 6. HP: 26/35 MP: 6/10
  1694 | D:4      | Noticed Eustachio
  1719 | D:4      | Killed Eustachio
  1719 | D:4      | Reached skill level 4 in Spellcasting
  1736 | D:4      | Noticed SkeletonJelly's ghost (amateur MiFi)
  1841 | D:4      | Reached XP level 7. HP: 12/39 MP: 3/15
  1846 | D:4      | Got a bloodstained ring mail
  1857 | D:4      | Identified the +1 ring mail of the Monkey's Uncle {rC- rN+ Str+6} (You found it on level 4 of the Dungeon)
  1904 | D:4      | Reached skill level 5 in Spellcasting
  1972 | D:4      | Found a white marble altar of Elyvilon.
  2029 | D:5      | Entered Level 5 of the Dungeon
  2068 | D:5      | Reached ** piety under Wu Jian
  2166 | D:5      | Reached skill level 6 in Spellcasting
  2225 | D:5      | Gained mutation: You have razor-sharp teeth. [Vine Stalker growth]
  2225 | D:5      | Reached XP level 8. HP: 28/43 MP: 14/19
  2358 | D:5      | Found a staircase to the Ecumenical Temple.
  2369 | D:5      | Reached skill level 7 in Spellcasting
  2811 | D:6      | Found a burning altar of Makhleb.
  2877 | D:6      | Reached skill level 8 in Spellcasting
  3298 | D:7      | Found an iron altar of Okawaru.
  3381 | D:7      | Reached skill level 9 in Spellcasting
  3492 | D:7      | Reached XP level 9. HP: 33/47 MP: 20/23
  3506 | D:7      | Reached *** piety under Wu Jian
  3725 | D:7      | Reached skill level 10 in Spellcasting
  3978 | D:7      | Reached skill level 1 in Evocations
  4475 | D:8      | Noticed Joseph
  4484 | D:8      | Reached skill level 5 in Armour
  4491 | D:8      | Killed Joseph
  4545 | D:8      | Reached XP level 10. HP: 47/51 MP: 25/25
  4555 | D:8      | Noticed Grum
  4565 | D:8      | Killed Grum
  4565 | D:8      | HP: 1/51 [wolf[Grum] (2)]
  4566 | D:8      | Succumbed to Grum's poison

Vault maps used:
D:1:      mrwooster_arrival_statue_3
D:2:      lemuel_crystal_altar
D:3:      nicolae_qazlal_style_of_elements, first_bread, uniq_natasha
D:4:      zin_purify, lemuel_crystal_altar, uniq_eustachio
D:5:      minmay_temple_entry_junction_2
D:6:      kennysheep_kobold_camp, nicolae_overflow_crystal_walls
D:7:      kennysheep_mini, nicolae_overflow_hidden_temple, the_bakery,
          grunt_ministairs_11
D:8:      hangedman_abyss_or_decor_stagger, uniq_grum, uniq_joseph, uniq_psyche

Skill      XL: |  1  2  3  4  5  6  7  8  9 |
---------------+----------------------------+-----
Fighting       | 3 4 5 |  5.0
Dodging        | 1 |  1.7
Spellcasting   | 2 4 6 9 10 | 10.4
Evocations     | 2 |  2.1
Armour         | 6 |  6.7
Long Blades    | |  1.7
Shields        | |  2.6

Action                   |  1- 3 |  4- 6 |  7- 9 | 10-12 || total
-------------------------+-------+-------+-------+-------++-------
Melee: Long sword        |    98 |   162 |   325 |    18 ||   603
       Bite              |    26 |    61 |   129 |     9 ||   225
  Use: Potion            |       |       |     1 |     1 ||     2
       Scroll            |       |       |       |     1 ||     1
  Eat: Chunk             |       |     3 |    10 |       ||    13
Armor: Scale mail        |    48 |    52 |       |       ||   100
       Ring mail         |       |       |   107 |     9 ||   116
Dodge: Dodged            |    40 |    55 |   107 |     3 ||   205
Block: Shield            |    67 |    70 |   119 |       ||   256
       Large shield      |       |       |    93 |    36 ||   129
       Reflection        |       |       |     6 |       ||     6
       Rpst.: Long sword |    15 |    16 |    33 |       ||    64
